 Dungeon Crawl Stone Soup version 0.22.1-2-g9c5b331 (webtiles) character file.

1638 Lilu the Ducker (level 8, -1/41 HPs)
             Began as a Deep Elf Wizard on Dec 13, 2018.
             Was an Initiate of Hepliaklqana.
             Killed by divine providence
             ... invoked by an orc priest
              (16 damage)
             ... on level 6 of the Dungeon.
             The game lasted 00:27:28 (5872 turns).

Lilu the Ducker (Deep Elf Wizard)                   Turns: 5872, Time: 00:27:30

Health: -1/41      AC:  6    Str:  4    XL:     8   Next: 66%
Magic:  11/17      EV: 15    Int: 26    God:    Hepliaklqana [......]
Gold:   209        SH:  0    Dex: 13    Spells: 5/17 levels left

rFire    + + .     SeeInvis .   y - +2 shortbow of the Ancient Dreams {venom, rN++}
rCold    . . .     Gourm    .   (shield currently unavailable)
rNeg     + + .     Faith    .   E - +2 robe {rF+}
rPois    .         Spirit   .   o - +0 helmet
rElec    .         Reflect  .   (no cloak)
rCorr    .         Harm     +   B - +0 pair of gloves
MR       .....                  (no boots)
Stlth    ++........             s - amulet of harm
HPRegen  0.13/turn              w - ring of protection from fire
MPRegen  0.15/turn              (no ring)

@: slowed, very slow
A: reduced essence
a: Recall Ancestor, Ancestor Identity, Renounce Religion


You were on level 6 of the Dungeon.
You worshipped Hepliaklqana.
Hepliaklqana was noncommittal.
You were not hungry.

You visited 2 branches of the dungeon, and saw 7 of its levels.
You also visited: Sewer.

You collected 209 gold pieces.

Inventory:

Hand Weapons
 a - a +0 hunting sling
 m - a +2 whip of flaming
 q - a +0 blowgun
 y - the +2 shortbow of the Ancient Dreams (weapon) {venom, rN++}
   (You found it on level 4 of the Dungeon)

   It poisons the ammo it fires.
   It greatly protects you from negative energy.
Missiles
 c - 83 arrows (quivered)
 h - 20 sling bullets
 k - 54 poisoned needles
 l - 162 stones
 C - 2 javelins
Armour
 o - a +0 helmet (worn)
 u - a +0 buckler
 B - a +0 pair of gloves (worn)
 E - a +2 robe of fire resistance (worn)
Jewellery
 s - an amulet of harm (around neck)
 w - a ring of protection from fire (left hand)
 D - a cursed amulet of inaccuracy {unknown}
Scrolls
 b - 2 scrolls of fear {unknown}
 e - 3 scrolls of teleportation
 j - a scroll of blinking {unknown}
 p - 6 scrolls of identify
 F - a scroll of immolation {unknown}
 G - a scroll of noise {unknown}
Potions
 g - 2 potions of flight {unknown}
 i - a potion of brilliance
 n - a potion of magic {unknown}
 r - 2 potions of haste {unknown}
 t - a potion of cancellation {unknown}
 v - a potion of invisibility
 x - 2 potions of degeneration {unknown}
 z - a potion of agility {unknown}
 A - a potion of heal wounds
Comestibles
 d - 7 rations
 f - 3 chunks of flesh


   Skills:
 + Level 3.4 Fighting
 + Level 3.9 Bows
 + Level 5.8 Dodging
 - Level 2.4 Stealth
 - Level 1.3 Shields
 + Level 5.3 Spellcasting
 + Level 5.2 Conjurations
 + Level 2.6 Summonings
 + Level 2.2 Translocations
 + Level 2.3 Fire Magic
 + Level 3.3 Air Magic
 + Level 2.4 Poison Magic


You had 5 spell levels left.
You knew the following spells:

 Your Spells              Type           Power        Failure   Level  Hunger
a - Magic Dart            Conj           ####         1%          1    None
b - Mephitic Cloud        Conj/Pois/Air  ####....     4%          3    #......
c - Conjure Flame         Conj/Fire      ####....     4%          3    #......
d - Call Imp              Summ           ###.....     3%          2    None
e - Blink                 Tloc           N/A          4%          2    None
f - Apportation           Tloc           ###...       3%          1    None

Your spell library contained the following spells:

 Spells                   Type           Power        Failure   Level  Hunger
 Summon Small Mammal      Summ           ###.         2%          1    None
 Animate Skeleton         Necr           N/A          8%          1    None
 Confusing Touch          Hex            #.....       8%          1    None
 Slow                     Hex            #.......     12%         2    None


Dungeon Overview and Level Annotations

Branches:
Dungeon (6/15)             Temple (1/1) D:5

Altars:
Cheibriados
Dithmenos
Elyvilon
Fedhas
Gozag
Hepliaklqana
Kikubaaqudgha
Makhleb
Okawaru
Qazlal
Ru
Sif Muna
Trog
Uskayaw
Xom
Yredelemnul
The Shining One


Message History

Bintanath hits the orc warrior but does no damage.
The orc wizard mumbles some strange words.
The orc wizard flickers and vanishes!
Deactivating autopickup; reactivate with Ctrl-A.
The orc priest invokes the aid of Beogh against you.
Beogh smites you!
Bintanath hits the orc warrior.
The orc warrior hits Bintanath with a flail.
Casting: Magic Dart (safe; 1% risk of failure)
Confirm with . or Enter, or press ? or * to list all spells.
Aiming: Mephitic Cloud (safe; 4% risk of failure)
Press: ? - help, Shift-Dir - straight line, f - Bintanath
Aim: Bintanath the ancestor (severely damaged, friendly)
The ball explodes into a vile cloud!
The stinking cloud engulfs Bintanath.
Bintanath appears unharmed.
Bintanath is severely damaged.
The stinking cloud engulfs the orc warrior.
The orc warrior is lightly wounded.
The orc priest calls down the wrath of Beogh upon you.
Beogh smites you!
You die...

#...............#
oo...#
#.#####.#########
o...# #.# #.#
#...# #.# #.#
#...# #.# #.#
#(.{# #.# #.#
#...# #.# #.#
#.#..o########.#
#.#
#.....oo{oRĀ§.@.#
#)#
################
#.# #.# #.# ###.#
#...# #.### #.#
#.#


You could see the friendly Bintanath the ancestor, an orc warrior and 2 orc
priests.

Vanquished Creatures
  Pikel (D:4)
  Menkaure (D:4)
  An orc warrior (D:6)
  3 slaves (D:4)
  Purgy (Sewer)
  An ogre (D:3)
  A centaur (D:5)
  3 scorpions
  A jelly (D:5)
  A quasit (D:5)
  A hound (D:4)
  2 iguanas
  4 orc wizards
  2 worker ants (D:4)
  2 hound skeletons (D:5)
  A howler monkey zombie (D:5)
  9 adders
  A shadow imp (D:5)
  2 oozes
  An adder skeleton (D:4)
  A worm (D:3)
  A dart slug (D:2)
  2 leopard geckos (D:3)
  11 orcs
  4 bats
  7 giant cockroaches
  7 goblins
  6 hobgoblins
  A quokka (D:5)
  A ball python (D:3)
  3 frilled lizards
  10 kobolds
  7 rats
100 creatures vanquished.

Vanquished Creatures (collateral kills)
  A howler monkey (D:5)
  An orc wizard (D:6)
  A worker ant (D:4)
  An ooze (D:6)
  An orc (D:6)
  3 jackals (D:5)
8 creatures vanquished.

Grand Total: 108 creatures vanquished

Notes
Turn   | Place    | Note
-------+----------+-------------------------------------------
     0 | D:1      | Lilu the Deep Elf Wizard began the quest for the Orb.
     0 | D:1      | Reached XP level 1. HP: 10/10 MP: 7/7
   369 | D:1      | Reached XP level 2. HP: 15/15 MP: 7/9
   919 | D:2      | Reached XP level 3. HP: 20/20 MP: 7/11
   954 | D:2      | Learned a level 3 spell: Mephitic Cloud
   958 | D:2      | Learned a level 3 spell: Conjure Flame
   961 | D:2      | Learned a level 2 spell: Call Imp
   964 | D:2      | Learned a level 2 spell: Blink
  1053 | D:2      | Reached skill level 5 in Spellcasting
  1523 | D:2      | Found a white marble altar of Elyvilon.
  2134 | D:3      | Reached XP level 4. HP: 24/24 MP: 11/13
  2189 | D:3      | Reached skill level 1 in Fighting
  2490 | D:3      | Noticed an ogre
  2506 | D:3      | Killed an ogre
  2506 | D:3      | Reached skill level 1 in Fire Magic
  2506 | D:3      | Reached skill level 1 in Air Magic
  2506 | D:3      | Reached skill level 1 in Poison Magic
  2506 | D:3      | Reached XP level 5. HP: 29/29 MP: 1/14
  2875 | D:4      | Learned a level 1 spell: Apportation
  2879 | D:4      | Noticed Menkaure
  3077 | D:4      | Found a glowing drain.
  3092 | Sewer    | Entered a sewer
  3335 | Sewer    | Noticed Purgy
  3407 | Sewer    | Killed Purgy
  3407 | Sewer    | Reached skill level 1 in Shields
  3407 | Sewer    | Reached XP level 6. HP: 34/34 MP: 2/15
  3539 | D:4      | Got a pitted shortbow
  3540 | D:4      | Identified the +2 shortbow of the Ancient Dreams {venom,
                  | rN++} (You found it on level 4 of the Dungeon)
  3800 | D:4      | Killed Menkaure
  4185 | D:4      | Reached skill level 1 in Bows
  4301 | D:4      | Noticed a slave
  4319 | D:4      | Killed a slave
  4334 | D:4      | Noticed a slave
  4348 | D:4      | Killed a slave
  4353 | D:4      | Noticed Pikel
  4354 | D:4      | Noticed a slave
  4365 | D:4      | Noticed a slave
  4370 | D:4      | Killed Pikel
  4370 | D:4      | Reached XP level 7. HP: 39/40 MP: 14/16
  4392 | D:4      | Reached XP level 8. HP: 43/45 MP: 17/17
  4514 | D:5      | Entered Level 5 of the Dungeon
  4518 | D:5      | Reached skill level 5 in Dodging
  4663 | D:5      | Found an ancient bone altar of Kikubaaqudgha.
  5060 | D:5      | Found a staircase to the Ecumenical Temple.
  5075 | Temple   | Entered the Ecumenical Temple
  5120 | Temple   | Became a worshipper of Hepliaklqana the Forgotten
  5171 | D:5      | Reached skill level 5 in Conjurations
  5872 | D:6      | Killed from afar by an orc priest

Skill      XL: |  1  2  3  4  5  6  7  8 |
---------------+-------------------------+-----
Dodging        | 3 4 5 |  5.8
Spellcasting   | 5 |  5.3
Conjurations   | 2 3 4 5 |  5.2
Fighting       | 1 2 3 |  3.4
Fire Magic     | 1 2 |  2.3
Air Magic      | 1 3 |  3.3
Poison Magic   | 1 2 |  2.4
Translocations | 2 |  2.2
Shields        | 1 |  1.3
Summonings     | 2 |  2.6
Bows           | 2 3 |  3.9
Stealth        | |  2.4

Action                   |  1- 3 |  4- 6 |  7- 9 || total
-------------------------+-------+-------+-------++-------
 Fire: Hunting sling     |       |    11 |       ||    11
       Blowgun           |       |    20 |       ||    20
       Shortbow          |       |    48 |    71 ||   119
 Cast: Magic Dart        |    95 |    84 |    44 ||   223
       Conjure Flame     |       |     6 |       ||     6
       Call Imp          |       |    13 |       ||    13
       Blink             |       |     3 |       ||     3
       Apportation       |       |     1 |       ||     1
       Mephitic Cloud    |       |       |     3 ||     3
Invok: Ancestor Identity |       |       |     2 ||     2
       Recall Ancestor   |       |       |     1 ||     1
  Use: Scroll            |       |     6 |       ||     6
       Potion            |       |     4 |       ||     4
  Eat: Chunk             |     3 |     7 |     5 ||    15
Armor: Robe              |     1 |       |    20 ||    21
       Leather armour    |     2 |    19 |       ||    21
Dodge: Dodged            |    11 |    66 |    62 ||   139
